cohdb
Replays
Latest Replays
All Replays
Popular Replays
Top Player Replays
Match Explorer
How It Works
Community
CoH3 Stats
Reddit
Sign in to upload your games and track your stats! →
Sign in with Steam
Match 43960765
Unlisted
Match 43960765
Overview
Messages
Build Orders
End
Vickers Machine Gun Team
Construct Section Command Post
Selects Canadian Shock Battlegroup
Dingo Light Scout Car
Royal Engineer Section
Selects Attacking Spirit
Selects Canadian Shock Section
Canadian Shock Section
Canadian Shock Section
Construct Platoon Command Post
Selects Incendiary Munitions
Canadian Shock Section
Selects Pyrotechnics
CMP 15cwt Truck
Forward Retreat Point
Construct Company Command Post
Unlock M3 Grant Medium Tanks
Selects Demolition Engineering
M3 Grant Medium Tank
Canadian Shock Section
Selects Smoke Operation
Otter
DaRtH VaDeRX2020
cannot compute
qazxsw
Why So Serious?
game
Bismarck
IJustDontCare
0
0
Comments
sign in to comment!
No comments posted yet!